 Dungeon Crawl Stone Soup version 0.29.1-15-g9cfb28693d (webtiles) character file.

Game seed: 15291428029888965895

30 Artool the Trooper (level 3, 29/29 HPs)
             Began as a Demonspawn Fighter on Apr 12, 2023.
             Quit the game on level 1 of the Dungeon.
             The game lasted 00:01:24 (1137 turns).

Artool the Trooper (Demonspawn Fighter)             Turns: 1137, Time: 00:01:24

Health: 29/29      AC:  7    Str: 18    XL:     3   Next: 3%
Magic:  3/3        EV: 13    Int:  9    God:
Gold:   17         SH:  9    Dex: 12    Spells: 2/2 levels left

rFire   . . .      SeeInvis .   h - +0 whip
rCold   . . .      Faith    .   c - +0 buckler
rNeg    . . .      Spirit   .   b - +0 scale mail
rPois   .          Reflect  +   (no helmet)
rElec   .          Harm     .   (no cloak)
rCorr   .          Rampage  .   i - +0 pair of gloves
Will    .....                   (no boots)
Stlth   ..........              g - amulet of reflection
HPRegen 0.09/turn               l - +4 ring of evasion
MPRegen 0.16/turn               (no ring)

@: no status effects
A: hooves 1, magic regeneration
a: no special abilities


You were on level 1 of the Dungeon.
You visited 1 branch of the dungeon, and saw 1 of its levels.

You collected 17 gold pieces.

Inventory:

Hand Weapons
 a - a +0 flail
 h - a +0 whip (weapon)
Missiles
 m - 2 throwing nets (quivered)
Armour
 b - a +0 scale mail (worn)
 c - a +0 buckler (worn)
 i - a +0 pair of gloves (worn)
Jewellery
 g - an amulet of reflection (around neck)
 l - a +4 ring of evasion (left hand)
Scrolls
 f - a scroll of poison {unknown}
 k - 2 scrolls of teleportation {unknown}
 n - a scroll of fear {unknown}
Potions
 d - a potion of might
 e - a potion of heal wounds {unknown}
 j - a potion of curing {unknown}


   Skills:
 + Level 3.4 Fighting
 + Level 2.3 Maces & Flails
 + Level 3.1 Armour
 - Level 2.6 Shields


You had 2 spell levels left.
You didn't know any spells.
Your spell library was empty.

Dungeon Overview and Level Annotations

Branches:
Dungeon (1/15)

Altars:

Shops:
D:1 [


Innate Abilities, Weirdness & Mutations

You have large cloven feet.
You regenerate magic rapidly.


Message History

You hit the hobgoblin.
You kill the hobgoblin!
You have reached level 3!
Your experience leads to an increase in your attributes!
Increase (S)trength, (I)ntelligence, or (D)exterity?
You feel stronger. x2
You feel monstrous as your demonic heritage exerts itself.
Your demonic ancestry asserts itself...
Your feet thicken and deform.
m - a throwing net
m - 2 throwing nets (gained 1);
n - a scroll labelled BOAH USSULOSI
Things that are here:
a +0 plate armour; a hobgoblin corpse No target in view!
A ball python comes into view.
The ball python hisses angrily.
The ball python barely misses you. The ball python closely misses you.
A ball python is nearby!
You closely miss the ball python. You kick the ball python.
The ball python is heavily wounded.
The ball python barely misses you. You block the ball python's attack.
A ball python is nearby!
You whack the ball python!
You kill the ball python!
Things that are here:
a +0 short sword; a stone You see here a rat skeleton.
You see here a rat skeleton.
Things that are here:
a +0 short sword; a stone Key pressed, stopping explore.
No target in view!
Done exploring.
No target in view!
Done exploring.
No target in view!
No target in view!
Done exploring.
No target in view!
Are you sure you want to abandon this character and quit the game? (Confirm with "yes".)

######## ### #.....)#
##.## #.####.#
#####.#.####.####.#
#####..............##.#
....#.#[....#.##.#.##.##
.........##..###@......#
###.#.###.#.## #.......#
# #.#.......# #.#.###.#
###.#.####### #..[.##.#
....#.# ###.#..##.#
.>..#.# #.........#
.#############...##.####
.# ###########.###.# .#
##⌠.⌠#..♣##.# #.#


There were no monsters in sight!

Vanquished Creatures
  5 ball pythons (D:1)
  3 endoplasms (D:1)
  A giant cockroach (D:1)
  3 hobgoblins (D:1)
  5 kobolds (D:1)
  A quokka (D:1)
  2 bats (D:1)
  A frilled lizard (D:1)
  3 goblins (D:1)
  2 rats (D:1)
26 creatures vanquished.

Notes
Turn   | Place    | Note
-------+----------+-------------------------------------------
     0 | D:1      | Artool the Demonspawn Fighter began the quest for the Orb.
     0 | D:1      | Reached XP level 1. HP: 18/18 MP: 1/1
   377 | D:1      | Gained mutation: You regenerate magic rapidly. [demonic
                  | ancestry]
   377 | D:1      | Reached XP level 2. HP: 19/24 MP: 2/2
   466 | D:1      | Found Jixyd's Antique Armour Shop.
   976 | D:1      | Discovered your monstrous ancestry.
   976 | D:1      | Gained mutation: You have large cloven feet. [demonic
                  | ancestry]
   976 | D:1      | Reached XP level 3. HP: 23/29 MP: 3/3
  1137 | D:1      | Quit the game

Illustrated notes

Levels and vault maps discovered:
D:1:      spicycebolla_arrival_ecumenical, layout_loops_cross, serial_shops,
          shop

Skill      XL: |  1  2 |
---------------+-------+-----
Maces & Flails | 2 |  2.3
Armour         | 3 |  3.1
Fighting       | |  3.4
Shields        | |  2.6

Action                   || total
-------------------------++-------
Melee: Flail             ||    42
       Whip              ||    51
       Kick              ||     1
Armor: Scale mail        ||    30
Dodge: Dodged            ||    35
Block: Buckler           ||    38
